 Dungeon Crawl Stone Soup version 0.25-a0-413-g3b4b6a4ccc (webtiles) character file.

Game seed: 6107780914899564579, levelgen mode: deterministic

1691 Conn the Conjurer (level 9, -7/56 HPs)
             Began as an Octopode Conjurer on Jan 15, 2020.
             Was an Initiate of Sif Muna.
             Mangled by an orc priest
             ... wielding a +0 war axe
              (10 damage)
             ... on level 5 of the Dungeon.
             The game lasted 00:27:02 (8361 turns).

Conn the Conjurer (Octopode Conjurer)               Turns: 8361, Time: 00:27:03

Health: -7/56      AC:  1    Str: 10    XL:     9   Next: 2%
Magic:  27/28      EV: 15    Int: 18    God:    Sif Muna [......]
Gold:   267        SH:  0    Dex: 12    Spells: 4/14 levels left

rFire    . . .     SeeInvis +   u - staff of power
rCold    . . .     Gourm    .   (no shield)
rNeg     . . .     Faith    .   (helmet restricted)
rPois    .         Spirit   .   (no amulet)
rElec    .         Reflect  .   f - ring of see invisible
rCorr    .         Harm     .   s - ring of wizardry
MR       .....                  (no ring)
Stlth    ++++......             (no ring)
HPRegen  0.18/turn              (no ring)
MPRegen  0.21/turn              (no ring)
                                (no ring)
                                (no ring)

@: no status effects
A: almost no armour, stealthy swim, amphibious, 8 rings, constrict 8, camouflage
1, gelatinous body 1
a: Renounce Religion


You were on level 5 of the Dungeon.
You worshipped Sif Muna.
Sif Muna was noncommittal.
You were not hungry.

You visited 2 branches of the dungeon, and saw 7 of its levels.

You collected 267 gold pieces.

Inventory:

Hand Weapons
 h - a +0 dagger
 j - a +1 mace of protection
 o - a +0 short sword of protection
 t - a +0 short sword of venom
Missiles
 c - a boomerang of dispersal (quivered)
 r - 7 curare-tipped darts
Magical Staves
 l - an uncursed staff of death
 u - an uncursed staff of power (weapon)
Jewellery
 f - a ring of see invisible (left tentacle)
 s - a ring of wizardry (right tentacle)
Wands
 m - a wand of flame (14)
Scrolls
 a - 3 scrolls of identify
 e - 2 scrolls of amnesia
 g - 2 scrolls of blinking {unknown}
 k - 2 scrolls of teleportation {unknown}
 q - 2 scrolls of remove curse {unknown}
Potions
 d - a potion of lignification
 i - a potion of flight
 n - a potion of resistance {unknown}
 p - a potion of agility {unknown}
 w - a potion of might {unknown}
Comestibles
 b - 10 rations
 x - a chunk of flesh


   Skills:
 + Level 3.1 Fighting
 + Level 1.3 Short Blades
 + Level 5.8 Maces & Flails
 + Level 0.3(3.5) Staves
 + Level 0.1 Throwing
 + Level 4.7 Dodging
 + Level 6.0 Stealth
 + Level 0.1 Unarmed Combat
 + Level 3.3 Spellcasting
 + Level 6.1 Conjurations
 + Level 0.9 Hexes
 * Level 2.0 Invocations
 + Level 1.2 Evocations


You had 4 spell levels left.
You knew the following spells:

 Your Spells              Type           Power        Failure   Level  Hunger
a - Magic Dart            Conj           ####         1%          1    None
b - Searing Ray           Conj           ####..       1%          2    ##.....
c - Dazzling Flash        Conj/Hex       ###...       4%          3    ###....
d - Fulminant Prism       Conj/Hex       ###.......   16%         4    ####...

Your spell library contained the following spells:

 Spells                   Type           Power        Failure   Level  Hunger
 Iskenderun's Mystic Bla  Conj/Tloc      ##......     17%         4    ####...


Dungeon Overview and Level Annotations

Branches:
Dungeon (6/15)             Temple (1/1) D:5

Altars:
Ashenzari
Cheibriados
Elyvilon
Gozag
Hepliaklqana
Kikubaaqudgha
Makhleb
Nemelex Xobeh
Okawaru
Qazlal
Ru
Sif Muna
Trog
Vehumet
Wu Jian
Xom
Yredelemnul
Zin
The Shining One

Annotations:
D:3 3 runed translucent doors, PeterQ's ghost, amateur VSGl; erthbison's ghost, amateur DrFE; masterofnone's ghost, amateur HaHu; pentaxis93's ghost, amateur TeAE
D:4 Edmund


Innate Abilities, Weirdness & Mutations

You cannot wear most types of armour.
You are very stealthy in the water. (Stealth+)
You are amphibious.
You can wear up to eight rings at the same time.
You can use your tentacles to constrict eight enemies at once.
Your skin changes colour to match your surroundings (Stealth+).
Your rubbery body absorbs attacks. (AC +1, EV +1)


Message History

The orc priest hits you with a +0 war axe!
* * * LOW HITPOINT WARNING * * *
You feel better.
You constrict the orc priest.
The orc priest hits you with a +0 war axe!
* * * LOW HITPOINT WARNING * * *
Okay, then.
Unknown command.
Casting: Fulminant Prism (slightly dangerous; 16% risk of failure)
Confirm with . or Enter, or press ? or * to list all spells.
Okay, then.
Casting: Fulminant Prism (slightly dangerous; 16% risk of failure)
Confirm with . or Enter, or press ? or * to list all spells.
Aiming: Magic Dart (safe; 1% risk of failure)
Press: ? - help, Shift-Dir - straight line, f - orc priest
Aim: an orc priest, wielding a +0 war axe and wearing a +0 ring mail (severely wounded, constricted by you)
The magic dart hits the orc priest but does no damage.
The orc priest is severely wounded.
You constrict the orc priest.
The orc priest hits you with a +0 war axe!
You die...

...#..............#
##.#..............#
.................>#
#...########.#..)##
#...##....##.#...#
#...##....##.#...#
..........##.#..[#
##...##...##.#...#
##...##...##.#..@#
..........##.#..o#
...>......##.#....
..........##.#.<###
##...##.#.##.#.#
##...##.#.##.#.
........#.#<.#.
.......##.#..#.
.......##.#..#


You could see an orc priest.

Vanquished Creatures
  Grinder (D:3)
  Sigmund (D:3)
  Duvessa (D:5)
  3 phantoms (D:5)
  A centaur (D:6)
  A bullfrog (D:6)
  A scorpion (D:5)
  Dowan (D:5)
  2 crimson imps
  A centaur zombie (D:5)
  3 hounds
  An orc priest (D:4)
  A gnoll shaman (D:4)
  2 orc wizards
  2 bullfrog skeletons (D:4)
  2 iguanas
  5 worker ants
  5 gnolls (D:4)
  6 adders
  An ooze (D:1)
  2 worms (D:5)
  6 leopard geckos
  13 orcs
  5 bats
  7 giant cockroaches
  4 goblins
  3 hobgoblins (D:2)
  9 jackals
  A kobold (D:1)
  A quokka (D:5)
  2 frilled lizards
  A jackal zombie (D:5)
  A quokka zombie (D:5)
  3 rats
99 creatures vanquished.

Vanquished Creatures (others)
  4 fulminant prisms
4 creatures vanquished.

Grand Total: 103 creatures vanquished

Notes
Turn   | Place    | Note
-------+----------+-------------------------------------------
     0 | D:1      | Conn the Octopode Conjurer began the quest for the Orb.
     0 | D:1      | Reached XP level 1. HP: 11/11 MP: 3/3
   459 | D:1      | Reached XP level 2. HP: 16/17 MP: 5/5
   820 | D:2      | Reached XP level 3. HP: 8/21 MP: 0/6
   863 | D:2      | Reached skill level 5 in Conjurations
  1120 | D:2      | Reached XP level 4. HP: 25/27 MP: 7/7
  1481 | D:3      | Noticed Sigmund
  1492 | D:3      | HP: 1/27 [something (9)]
  1516 | D:3      | Killed Sigmund
  1516 | D:3      | Reached XP level 5. HP: 26/32 MP: 2/9
  1516 | D:3      | Reached XP level 6. HP: 29/37 MP: 2/10
  1683 | D:3      | Found a radiant altar of Vehumet.
  1848 | D:3      | Found a snail-covered altar of Cheibriados.
  1912 | D:3      | Noticed Grinder
  1923 | D:3      | Paralysed by Grinder for 3 turns
  1937 | D:3      | Paralysed by Grinder for 3 turns
  1947 | D:3      | Paralysed by Grinder for 6 turns
  1961 | D:3      | Killed Grinder
  1961 | D:3      | Reached skill level 1 in Fighting
  1961 | D:3      | Reached skill level 1 in Short Blades
  1961 | D:3      | Reached skill level 1 in Maces & Flails
  1961 | D:3      | Reached skill level 5 in Stealth
  1961 | D:3      | Reached skill level 1 in Evocations
  1961 | D:3      | Reached XP level 7. HP: 6/43 MP: 9/11
  2456 | D:3      | Found a runed translucent gate.
  2456 | D:3      | Noticed masterofnone's ghost (amateur HaHu)
  2456 | D:3      | Noticed PeterQ's ghost (amateur VSGl)
  2457 | D:3      | Found a runed translucent gate.
  2457 | D:3      | Noticed erthbison's ghost (amateur DrFE)
  2457 | D:3      | Noticed pentaxis93's ghost (amateur TeAE)
  2458 | D:3      | Found a runed translucent gate.
  2475 | D:3      | Learned a level 2 spell: Searing Ray
  2479 | D:3      | Learned a level 3 spell: Dazzling Flash
  2484 | D:3      | Learned a level 4 spell: Fulminant Prism
  2684 | D:3      | Found an iron altar of Okawaru.
  2762 | D:4      | Noticed Edmund
  3376 | D:4      | Found an ornate altar of the Wu Jian Council.
  3376 | D:4      | Found a sparkling altar of Nemelex Xobeh.
  4656 | D:5      | Entered Level 5 of the Dungeon
  5013 | D:5      | Found a staircase to the Ecumenical Temple.
  5022 | Temple   | Entered the Ecumenical Temple
  5076 | Temple   | Became a worshipper of Sif Muna the Loreminder
  5265 | D:5      | Reached XP level 8. HP: 42/48 MP: 12/12
  6020 | D:5      | Found an iron altar of Okawaru.
  6123 | D:5      | Reached skill level 5 in Maces & Flails
  6434 | D:5      | Noticed a two-headed ogre
  7395 | D:6      | Reached skill level 1 in Invocations
  7993 | D:6      | Found an opulent altar of Gozag.
  8105 | D:5      | Noticed Dowan
  8106 | D:5      | Noticed Duvessa
  8114 | D:5      | Killed Dowan
  8195 | D:5      | Killed Duvessa
  8195 | D:5      | Reached XP level 9. HP: 24/56 MP: 13/13
  8361 | D:5      | Mangled by an orc priest

Levels and vault maps discovered:
D:1:      dpeg_arrival_simpleton_b, layout_basic
D:2:      layout_rooms
D:3:      layout_basic, nicolae_overflow_crystal_walls, vehumet_crystals,
          gammafunk_ghost_cemetery, okawaru_trees_2, uniq_grinder, uniq_sigmund
D:4:      minmay_chambers_of_fours, layout_layer_cave,
          gammafunk_temple_overflow_elements, first_ration, uniq_edmund
D:5:      kennysheep_windowed_halls, layout_basic,
          lemuel_coloured_pillars_altar, minmay_temple_entry_stoned_glass,
          serial_curves, eino_curves_01, eino_curves_01, uniq_duvessa
D:6:      layout_basic, grunt_gozag_breadcrumbs
Temple:   dshaligram_water_room_temple

Skill      XL: |  1  2  3  4  5  6  7  8 |
---------------+-------------------------+-----
Stealth        | 3 4 5 6 |  6.0
Conjurations   | 5 6 |  6.1
Dodging        | 3 4 |  4.7
Fighting       | 1 3 |  3.1
Short Blades   | 1 |  1.3
Maces & Flails | 1 4 5 |  5.8
Evocations     | 1 |  1.2
Spellcasting   | 3 |  3.3
Invocations    | 2 |  2.0
Staves         | |  0.3
Throwing       | |  0.1
Unarmed Combat | |  0.1
Hexes          | |  0.9

Action                   |  1- 3 |  4- 6 |  7- 9 || total
-------------------------+-------+-------+-------++-------
Melee: Unarmed           |    17 |       |       ||    17
       Constrict         |     6 |     4 |    52 ||    62
       Tentacles         |     5 |     3 |    47 ||    55
       Dagger            |    14 |    10 |       ||    24
       Mace              |       |    27 |   211 ||   238
       Staff             |       |     2 |    28 ||    30
Throw: Boomerang         |       |       |     3 ||     3
 Cast: Magic Dart        |    31 |     8 |    39 ||    78
       Searing Ray       |       |       |     6 ||     6
       Dazzling Flash    |       |       |     2 ||     2
       Fulminant Prism   |       |       |     4 ||     4
Evoke: Wand              |       |     7 |     1 ||     8
  Use: Scroll            |     1 |       |     1 ||     2
       Potion            |       |     7 |     4 ||    11
 Stab: Sleeping          |       |     7 |    11 ||    18
  Eat: Chunk             |     1 |     3 |    15 ||    19
       Ration            |       |       |     2 ||     2
Armor: Skin              |     8 |    24 |    55 ||    87
Dodge: Dodged            |    31 |    10 |   168 ||   209

Table legend:
 A = Non-vault XP
 B = Vault XP
 C = Vault XP percentage of total XP
 D = Non-vault monster count
 E = Vault monster count
 F = Vault count percentage of total count
                 A         B        C        D         E       F
            +---------+---------+-------+---------+---------+-------
      Total |    1400 |    1016 |  42.1 |      78 |      21 |  21.2
            +---------+---------+-------+---------+---------+-------
        D:1 |      22 |       0 |   0.0 |       9 |       0 |   0.0
        D:2 |      90 |       0 |   0.0 |      14 |       0 |   0.0
        D:3 |      23 |     523 |  95.8 |      12 |       2 |  14.3
        D:4 |     317 |      61 |  16.1 |      17 |       4 |  19.0
        D:5 |     601 |     432 |  41.8 |      19 |      15 |  44.1
        D:6 |     347 |       0 |   0.0 |       7 |       0 |   0.0
            +---------+---------+-------+---------+---------+-------
